 Dungeon Crawl Stone Soup version 0.28.0 (webtiles) character file.

Game seed: 12924654109335569367

121 rageheart7 the Skirmisher (level 4, -4/57 HPs)
             Began as a Demonspawn Gladiator on Feb 16, 2022.
             Slain by a killer bee (5 damage)
             ... on level 4 of the Dungeon.
             The game lasted 00:04:44 (3070 turns).

rageheart7 the Skirmisher (Demonspawn Gladiator)    Turns: 3070, Time: 00:04:46

Health: -4/57      AC: 13    Str: 16    XL:     4   Next: 77%
Magic:  4/4        EV:  3    Int:  9    God:
Gold:   92         SH:  7    Dex: 15    Spells: 3/3 levels left

rFire   . . .      SeeInvis .   m - +2 spear (vorpal)
rCold   . . .      Faith    .   e - +0 kite shield
rNeg    . . .      Spirit   .   f - +0 plate armour
rPois   .          Reflect  .   q - +1 helmet
rElec   .          Harm     .   (no cloak)
rCorr   +          Rampage  .   (no gloves)
Will    .....                   (no boots)
Stlth   ..........              (no amulet)
HPRegen 0.19/turn               l - ring of resist corrosion
MPRegen 0.09/turn               (no ring)

@: berserking, lethally poisoned (-4 -> -11), hasted, invisible, very quick
A: claws 1, rugged brown scales 1
a: no special abilities


You were on level 4 of the Dungeon.
You visited 1 branch of the dungeon, and saw 4 of its levels.

You collected 92 gold pieces.

Inventory:

Hand Weapons
 a - a +0 flail
 m - a +2 vorpal spear (weapon)
Missiles
 d - 3 throwing nets (quivered)
Armour
 e - a +0 kite shield (worn)
 f - a +0 plate armour (worn)
 q - a +1 helmet (worn)
Jewellery
 k - a +6 ring of intelligence
 l - a ring of resist corrosion (left claw)
 s - a ring of willpower
Wands
 b - a wand of acid (13)
Scrolls
 j - a scroll of teleportation {unknown}
Potions
 c - a potion of curing
 g - a potion of flight
 p - a potion of brilliance {unknown}


   Skills:
 * Level 4.3 Fighting
 + Level 3.6 Maces & Flails
 - Level 1.7 Throwing
 - Level 2.6 Dodging


You had 3 spell levels left.
You didn't know any spells.
Your spell library contained the following spells:

 Spells                   Type           Power      Damage    Failure   Level
 Slow                     Hex            0%         N/A       100%        1
 Confusing Touch          Hex            0%         N/A       100%        3
 Vampiric Draining        Necr           0%         2d6       100%        3


Dungeon Overview and Level Annotations

Branches:
Dungeon (4/15)
 Temple: D:4-7

Altars:
Nemelex Xobeh


Innate Abilities, Weirdness & Mutations

You have sharp fingernails.
You are partially covered in rugged brown scales. (AC +1, +3% HP)


Message History

The killer bee stings you.
* * * LOW HITPOINT WARNING * * *
You are lethally poisoned!
The killer bee poisons you!
The killer bee stings you but does no damage.
It was a potion of invisibility.
You fade into invisibility!
* * * LOW HITPOINT WARNING * * *
You feel sick. The killer bee stings you.
* * * LOW HITPOINT WARNING * * *
The killer bee stings you but does no damage.
You block the killer bee's attack.
An iguana comes into view.
* * * LOW HITPOINT WARNING * * *
You feel very sick.
The iguana hisses angrily.
You see here a +0 club.
It was a potion of berserk rage.
A red film seems to cover your vision as you go berserk!
You feel yourself moving faster!
You feel mighty!
* * * LOW HITPOINT WARNING * * *
You feel sick.
The iguana hisses angrily.
The killer bee stings you but does no damage. x2
You block the killer bee's attack.
You are too berserk!
You puncture the killer bee!
The killer bee is almost dead.
* * * LOW HITPOINT WARNING * * *
You feel very sick.
The iguana hisses angrily.
The killer bee stings you but does no damage. x2
You closely miss the killer bee.
The killer bee is almost dead.
* * * LOW HITPOINT WARNING * * *
You feel sick.
The iguana hisses angrily.
The killer bee stings you but does no damage.
You block the killer bee's attack. The killer bee stings you.
You die...

.. #.# ....###..######
......#........
.............## ..
.........[....###?.
..............#....
...................
.......:y........#
.......@y.....########
.........P...).#......
......P.P≈.......#
##.PPP≈≈≈≈.###..##
...≈≈≈≈≈♣≈≈..†#<#
..lPP♣♣♣♣♣≈P.......$...
..P≈≈ ♣≈P...........
..≈≈P ♣≈≈P>...#......
≈≈≈PP....#......


You could see an iguana (wandering) and 2 killer bees.

Vanquished Creatures
  Robin (D:3)
  3 adders
  2 dart slugs
  3 orcs (D:3)
  5 endoplasms
  2 giant cockroaches (D:2)
  12 goblins
  7 hobgoblins
  7 jackals (D:1)
  3 quokkas
  8 ball pythons
  6 bats
  A frilled lizard (D:1)
  4 kobolds
  6 rats
70 creatures vanquished.

Vanquished Creatures (others)
  19 plants
19 creatures vanquished.

Grand Total: 89 creatures vanquished

Notes
Turn   | Place    | Note
-------+----------+-------------------------------------------
     0 | D:1      | rageheart7 the Demonspawn Gladiator began the quest for the
                  | Orb.
     0 | D:1      | Reached XP level 1. HP: 16/16 MP: 1/1
    95 | D:1      | Gained mutation: You have sharp fingernails. [demonic
                  | ancestry]
    95 | D:1      | Reached XP level 2. HP: 5/23 MP: 2/2
   936 | D:1      | Reached skill level 3 in Fighting
  1018 | D:1      | Reached XP level 3. HP: 27/29 MP: 3/3
  1253 | D:1      | Found a faded altar of an unknown god.
  1707 | D:2      | Found a sparkling altar of Nemelex Xobeh.
  2476 | D:3      | Noticed Robin
  2480 | D:3      | Gained mutation: You are partially covered in rugged brown
                  | scales. (AC +1, +3% HP) [demonic ancestry]
  2480 | D:3      | Reached XP level 4. HP: 30/38 MP: 4/4
  2506 | D:3      | Killed Robin
  2512 | D:3      | Reached skill level 4 in Fighting
  3069 | D:4      | HP: 1/57 [poisoned by a killer bee]
  3070 | D:4      | Slain by a killer bee

Illustrated notes

Levels and vault maps discovered:
D:1:      saegor_arrival_simple_a, layout_loops_ring,
          dilly_ecumenical_altar_fadedgnrine
D:2:      layout_loops_cross, basic_altar
D:3:      layout_basic, uniq_robin
D:4:      layout_rooms, minmay_temple_entry_water_ring, serial_bayou,
          serial_bayou_lagoon_a, serial_bayou_pond_c, serial_bayou_lake_a,
          serial_bayou_pond_a, portal_sewer_entry_a,
          kennysheep_cross_bottleneck, kennysheep_generic_room_3

Skill      XL: |  1  2  3  4 |
---------------+-------------+-----
Maces & Flails | 3 |  3.6
Fighting       | 3 4 |  4.3
Throwing       | |  1.7
Dodging        | |  2.6

Action                   |  1- 3 |  4- 6 || total
-------------------------+-------+-------++-------
Melee: Flail             |   133 |       ||   133
       Spear             |    11 |    74 ||    85
  Use: Scroll            |       |     6 ||     6
       Potion            |       |     3 ||     3
Armor: Leather armour    |     7 |       ||     7
       Plate armour      |   107 |    61 ||   168
Dodge: Dodged            |    24 |     9 ||    33
Block: Kite shield       |    54 |    27 ||    81
